 Dungeon Crawl Stone Soup version 0.29.1-12-g30fa7ad0bf (webtiles) character file.

Game seed: 14834886139576121871

3453 retardedninja the Blocker (level 9, -14/83 HPs)
             Began as a Minotaur Fighter on Jan 9, 2023.
             Was an Initiate of Gozag.
             Demolished by Erolcha
             ... wielding a +0 giant spiked club
              (22 damage)
             ... on level 9 of the Dungeon on Jan 10, 2023.
             The game lasted 00:11:38 (8500 turns).

retardedninja the Blocker (Minotaur Fighter)        Turns: 8500, Time: 00:11:38

Health: -14/83     AC: 25    Str: 25    XL:     9   Next: 78%
Magic:  8/8        EV:  7    Int:  5    God:    Gozag
Gold:   689        SH:  8    Dex: 16    Spells: 8/8 levels left

rFire   . . .      SeeInvis .   a - +1 war axe
rCold   . . .      Faith    .   E - +2 buckler
rNeg    . . .      Spirit   .   t - +1 plate armour
rPois   .          Reflect  .   (helmet restricted)
rElec   .          Harm     .   f - +0 cloak
rCorr   .          Rampage  .   x - +0 pair of gloves
Will    .....                   F - +2 pair of boots
Stlth   ..........              (no amulet)
HPRegen 0.23/turn               w - +4 ring of protection
MPRegen 0.11/turn               C - +6 ring of dexterity

@: mighty, on berserk cooldown, slowed, very slow
A: horns 2, retaliatory headbutt
a: Renounce Religion, Potion Petition, Call Merchant, Bribe Branch


You were on level 9 of the Dungeon.
You worshipped Gozag.
Gozag was pleased with you.
You visited 2 branches of the dungeon, and saw 10 of its levels.

You collected 827 gold pieces.
You paid 138 gold pieces to Gozag.

Inventory:

Hand Weapons
 a - a +1 war axe (weapon)
Armour
 f - a +0 cloak (worn)
 t - a +1 plate armour (worn)
 x - a +0 pair of gloves (worn)
 E - a +2 buckler (worn)
 F - a +2 pair of boots (worn)
Jewellery
 w - a +4 ring of protection (left hand)
 C - a +6 ring of dexterity (right hand)
Wands
 c - a wand of iceblast (3)
 r - a wand of flame (8)
 A - a wand of polymorph (5)
 D - a wand of light (13)
Scrolls
 e - 7 scrolls of teleportation
 h - 2 scrolls of butterflies {unknown}
 j - a scroll of amnesia
 l - a scroll of fear
 n - a scroll of identify
 q - a scroll of blinking {unknown}
 s - a scroll of torment {unknown}
Potions
 b - a potion of curing {unknown}
 g - a potion of cancellation {unknown}
 k - a potion of heal wounds
 m - 3 potions of haste
 o - 3 potions of lignification
 p - 2 potions of flight
 z - a potion of brilliance {unknown}


   Skills:
 + Level 9.1 Fighting
 + Level 8.8 Axes
 + Level 9.1 Armour
 + Level 9.1 Shields


You had 8 spell levels left.
You didn't know any spells.
Your spell library contained the following spells:

 Spells                   Type           Power      Damage    Failure   Level
 Shock                    Conj/Air       0%         1d3       100%        1
 Blink                    Tloc           0%         N/A       100%        2
 Static Discharge         Conj/Air       0%         3-3/arc   100%        2
 Conjure Flame            Conj/Fire      0%         6-21      100%        3
 Dazzling Flash           Conj/Hex       0%         N/A       100%        3
 Lesser Beckoning         Tloc           0%         N/A       100%        3
 Airstrike                Air            0%         2d(0-16)  100%        4
 Sticky Flame             Conj/Fire      0%         2d3       100%        4
 Summon Lightning Spire   Summ/Air       0%         N/A       100%        4
 Lightning Bolt           Conj/Air       0%         1d11      100%        5
 Manifold Assault         Tloc           0%         N/A       100%        5
 Haunt                    Necr/Summ      0%         N/A       100%        7
 Infestation              Necr           0%         N/A       100%        8
 Maxwell's Capacitive Co  Air            0%         ∞         100%        8
 Animate Dead             Necr           Unusable   N/A       N/A         4

Dungeon Overview and Level Annotations

Branches:
Dungeon (9/15)             Temple (1/1) D:6
   Lair: D:8-11         Orc: D:9-12

Altars:
Ashenzari
Dithmenos
Elyvilon
Fedhas
Gozag
Hepliaklqana
Kikubaaqudgha
Makhleb
Nemelex Xobeh
Okawaru
Qazlal
Ru
Sif Muna
Uskayaw
Vehumet
Wu Jian
Xom
Yredelemnul
The Shining One

Annotations:
D:9 Erolcha


Innate Abilities, Weirdness & Mutations

You have a pair of horns on your head.
You reflexively headbutt those who attack you in melee.


Message History

No target in view!
No target in view!
HP restored.
You now have 689 gold pieces (gained 17).
You see here a +0 shortbow.
Erolcha the Cunning comes into view.
She is wielding a +0 giant spiked club.
Erolcha shouts!
Erolcha is nearby!
Erolcha is nearby!
A red film seems to cover your vision as you go berserk!
You feel yourself moving faster!
You feel mighty!
Erolcha gestures wildly while chanting.
Erolcha flickers and vanishes!
Deactivating autopickup; reactivate with Ctrl-A.
You feel a strong urge to attack something.
You feel your anger nearly subside.
You are no longer berserk.
You are exhausted.
You feel yourself slow down. You block something's attack.
Something hits you but does no damage.
You hear some strange, mumbled words.
Something hits you! Something hits you. Something hits you!!
Something hits you!!
You closely miss something. Something hits you!
* * * LOW HITPOINT WARNING * * *
Okay, then.
You feel much better. Something hits you!
You feel very mighty all of a sudden. Something hits you!!
* * * LOW HITPOINT WARNING * * *
Read: scroll of summoning
Press: ? - help, Q - select action, (/) - cycle Dir - look around, f - activate You can't see that place. [a rock wall.]
As you read the scroll of summoning, it crumbles to dust.
Wisps of shadow whirl around you... Something hits you!!
You die...
Your body crumbles into a pile of gold.

..........#
#########.# #.#
##########.#
.......)...# .
...........# #..
#########..#
....##########..#
.........{@.....#
...........cF...#
###.###########.#
# .# .# .# .#


You could see a friendly bullfrog (summoned) and a friendly centaur (summoned).

Vanquished Creatures
  Pikel (D:7)
  Maurice (D:8)
  A wyvern (D:8)
  A steam dragon (D:7)
  A sky beast (D:7)
  An ice beast (D:7)
  2 black bears
  An ogre (D:5)
  3 centaurs
  A phantom (D:6)
  A lemure (D:7)
  A kobold brigand (D:7)
  A gnoll sergeant (D:8)
  3 necrophages
  2 bullfrogs
  2 scorpions (D:5)
  11 wights
  6 hounds
  An orc priest (D:4)
  A gnoll bouda (D:8)
  3 iguanas
  2 orc wizards
  8 gnolls
  7 adders
  A white imp (D:6)
  2 ufetubi (D:5)
  7 dart slugs
  6 orcs
  4 ball pythons
  5 bats
  7 endoplasms
  4 giant cockroaches
  7 goblins
  2 hobgoblins
  3 jackals (D:4)
  13 kobolds
  3 quokkas
  5 frilled lizards
  7 rats
138 creatures vanquished.

Vanquished Creatures (others)
  A howler monkey (D:8)
  3 fungi (D:1)
4 creatures vanquished.

Grand Total: 142 creatures vanquished

Notes
Turn   | Place    | Note
-------+----------+-------------------------------------------
     0 | D:1      | retardedninja the Minotaur Fighter began the quest for the
                  | Orb.
     0 | D:1      | Reached XP level 1. HP: 19/19 MP: 0/0
    76 | D:1      | Found a faded altar of an unknown god.
    95 | D:1      | Reached XP level 2. HP: 27/27 MP: 1/1
   504 | D:1      | Reached XP level 3. HP: 33/33 MP: 2/2
   964 | D:2      | Reached XP level 4. HP: 41/41 MP: 3/3
  2738 | D:4      | Reached XP level 5. HP: 22/47 MP: 4/4
  3069 | D:4      | Got the Catalogue of Blows and Bruises
  3155 | D:4      | Noticed a black bear
  3160 | D:4      | Killed a black bear
  3161 | D:4      | Reached skill level 5 in Fighting
  3161 | D:4      | Reached skill level 5 in Armour
  3161 | D:4      | Reached skill level 5 in Shields
  3161 | D:4      | Reached XP level 6. HP: 54/56 MP: 5/5
  3455 | D:5      | Entered Level 5 of the Dungeon
  3546 | D:5      | Found a shimmering blue altar of Sif Muna.
  3550 | D:5      | Found an ancient bone altar of Kikubaaqudgha.
  3556 | D:5      | Found a radiant altar of Vehumet.
  3559 | D:5      | Found a sparkling altar of Nemelex Xobeh.
  3561 | D:5      | Found a stormy altar of Qazlal.
  3566 | D:5      | Found a hide-covered altar of Uskayaw.
  3893 | D:5      | Found a shimmering altar of Xom.
  3999 | D:5      | Found a blossoming altar of Fedhas.
  4017 | D:5      | Reached skill level 5 in Axes
  4017 | D:5      | Reached XP level 7. HP: 45/62 MP: 6/6
  4336 | D:5      | Found a sacrificial altar of Ru.
  4347 | D:5      | Found a burning altar of Makhleb.
  4531 | D:6      | Found a broken altar of Ashenzari.
  4578 | D:6      | Found an ornate altar of the Wu Jian Council.
  4579 | D:6      | Found a basalt altar of Yredelemnul.
  5086 | D:6      | Reached XP level 8. HP: 71/71 MP: 7/7
  5416 | D:6      | Found a staircase to the Ecumenical Temple.
  5781 | Temple   | Entered the Ecumenical Temple
  5794 | Temple   | Became a worshipper of Gozag Ym Sagoz the Greedy
  5923 | D:7      | Noticed Pikel
  5938 | D:7      | Killed Pikel
  6365 | D:7      | Found a white marble altar of Elyvilon.
  6704 | D:7      | Reached XP level 9. HP: 57/81 MP: 8/8
  7305 | D:8      | Noticed Maurice
  7329 | D:8      | Killed Maurice
  8483 | D:9      | Noticed Erolcha
  8500 | D:9      | Demolished by Erolcha

Illustrated notes

Levels and vault maps discovered:
D:1:      psy_arrival_dodecagon, layout_loops_cross,
          shapermc_ecumenical_altar_acropolis
D:2:      layout_basic
D:3:      layout_basic, serial_glass, glass_columns_c, glass_columns_b,
          due_unseen_surprise, minmay_strange_pillars
D:4:      layout_basic, minmay_box_of_dots
D:5:      layout_basic, nicolae_overflow_hallway_of_the_gods,
          mainiacjoe_overflow_alcove_4, pf_just_have_faith,
          mainiacjoe_overflow_concentric_impassable,
          mainiacjoe_overflow_six_doors_small
D:6:      black_bear_nest_1, layout_loops_corners,
          ashenzari_conservatory_becter, jmf_multi_god_temple,
          minmay_temple_entry_enclosed_plants
D:7:      layout_basic, nicolae_overflow_crystal_walls, uniq_pikel
D:8:      layout_basic, lemuel_flamethrower_1, uniq_maurice
D:9:      layout_long_grid, uniq_psyche, uniq_harold, uniq_erolcha
Temple:   nicolae_temple_colour_theory

Skill      XL: |  1  2  3  4  5  6  7  8  9 |
---------------+----------------------------+-----
Fighting       | 4 5 6 7 9 |  9.1
Shields        | 4 5 6 8 9 |  9.1
Armour         | 4 5 6 7 9 |  9.1
Axes           | 3 4 5 6 7 8 |  8.8

Action                   |  1- 3 |  4- 6 |  7- 9 || total
-------------------------+-------+-------+-------++-------
Melee: War axe           |    64 |    94 |   191 ||   349
       Headbutt          |     9 |    10 |    28 ||    47
Evoke: Wand              |       |       |     4 ||     4
  Use: Scroll            |       |     3 |    12 ||    15
       Potion            |       |       |     4 ||     4
 Stab: Distracted        |       |       |     1 ||     1
Armor: Ring mail         |    30 |    13 |       ||    43
       Plate armour      |       |    49 |   156 ||   205
Dodge: Dodged            |    27 |    55 |    62 ||   144
Block: Buckler           |    18 |    25 |    74 ||   117
